 Dungeon Crawl Stone Soup version 0.27-a0-705-ga0013940fb (webtiles) character file.

Game seed: 12203995229361421580

3695 porpoise the Conjurer (level 10, -10/59 HPs)
             Began as a Tengu Conjurer on Mar 23, 2021.
             Was a Priest of Vehumet.
             Mangled by a two-headed ogre
             ... wielding a +0 giant club
              (24 damage)
             ... on level 8 of the Dungeon.
             The game lasted 00:48:39 (10088 turns).

porpoise the Conjurer (Tengu Conjurer)             Turns: 10088, Time: 00:48:40

Health: -10/59     AC:  9    Str:  8    XL:     10   Next: 13%
Magic:  20/27      EV: 13    Int: 22    God:    Vehumet [***...]
Gold:   416        SH:  0    Dex: 12    Spells: 3/19 levels left

rFire    . . .     SeeInvis .   a - +1 quarterstaff (spect)
rCold    . . .     Faith    .   (shield currently unavailable)
rNeg     . . .     Spirit   .   g - +0 robe
rPois    .         Reflect  .   (helmet restricted)
rElec    .         Harm     .   P - +1 cloak {Will+}
rCorr    .         Rampage  .   t - +0 pair of gloves
Will     +....                  (boots unavailable)
Stlth    ++........             (no amulet)
HPRegen  0.19/turn              J - +4 ring of protection
MPRegen  0.20/turn              O - ring of magical power

@: no status effects
A: beak, talons 3, able to fly
a: Fly, Renounce Religion


You were on level 8 of the Dungeon.
You worshipped Vehumet.
Vehumet was most pleased with you.
You visited 2 branches of the dungeon, and saw 9 of its levels.
You also visited: Ossuary.

You collected 416 gold pieces.

Inventory:

Hand Weapons
 a - a +1 spectral quarterstaff (weapon)
 I - a +5 falchion of freezing
 N - a +0 trident of freezing
 Q - a +2 short sword of draining
Missiles
 c - 90 poisoned darts (quivered)
 d - 47 bolts
 h - 144 stones
 k - 9 boomerangs
 p - 10 javelins
 s - 7 atropa-tipped darts
 A - 62 sling bullets
Armour
 g - a +0 robe (worn)
 t - a +0 pair of gloves (worn)
 P - a +1 cloak of willpower (worn)
Magical Staves
 w - a staff of conjuration
Jewellery
 e - a ring of positive energy
 o - a +4 ring of protection
 r - a ring of see invisible
 u - a ring of wizardry
 J - a +4 ring of protection (right hand)
 O - a ring of magical power (left hand)
Scrolls
 f - a scroll of amnesia
 i - a scroll of noise
 j - a scroll of fog {unknown}
 q - a scroll of holy word {unknown}
 v - a scroll of fear {unknown}
 x - a scroll of teleportation {unknown}
 y - a scroll of immolation {unknown}
 z - a scroll of enchant weapon
 B - a scroll of blinking {unknown}
 F - a scroll of vulnerability {unknown}
 H - a scroll of summoning
 K - a scroll of random uselessness {unknown}
 L - a scroll of brand weapon {unknown}
 M - 2 scrolls of enchant armour
Potions
 b - 4 potions of haste
 l - a potion of mutation
 m - 3 potions of brilliance
 n - 2 potions of curing
 C - a potion of resistance
 D - a potion of magic
 E - 2 potions of lignification
 G - a potion of berserk rage {unknown}


   Skills:
 - Level 5.0 Fighting
 - Level 5.0 Dodging
 - Level 2.0 Stealth
 - Level 5.0 Spellcasting
 - Level 7.0 Conjurations
 - Level 5.0 Hexes
 + Level 4.3 Translocations
 - Level 5.0 Air Magic
 + Level 4.2 Poison Magic
 - Level 3.0 Evocations


You had 3 spell levels left.
You knew the following spells:

 Your Spells              Type           Power      Damage    Failure   Level
a - Magic Dart            Conj           100%       1d8       1%          1
b - Searing Ray           Conj           72%        3d6       1%          2
c - Fulminant Prism       Conj/Hex       15%        3d11      2%          4
d - Iskenderun's Mystic   Conj/Tloc      30%        2d8       2%          4
k - Blink                 Tloc           N/A        N/A       2%          2
m - Mephitic Cloud        Conj/Pois/Air  29%        N/A       1%          3

Your spell library contained the following spells:

 Spells                   Type           Power      Damage    Failure   Level
 Stone Arrow              Conj/Erth      40%        3d9       1%          3
 Slow                     Hex            27%        N/A       1%          2
 Conjure Flame            Conj/Fire      20%        6-21      1%          3
 Dazzling Flash           Conj/Hex       62%        N/A       1%          3
 Call Imp                 Summ           5%         N/A       16%         2


Dungeon Overview and Level Annotations

Branches:
Dungeon (8/15)             Temple (1/1) D:4         Ossuary (visited)
   Lair: D:8-11

Altars:
Ashenzari
Cheibriados
Dithmenos
Elyvilon
Fedhas
Gozag
Kikubaaqudgha
Makhleb
Nemelex Xobeh
Okawaru
Qazlal
Ru
Sif Muna
Trog
Uskayaw
Vehumet
Wu Jian
Xom
Yredelemnul
Zin
The Shining One


Innate Abilities, Weirdness & Mutations

You have a beak for a mouth.
You have claws for feet.
You can fly continuously.


Message History

The ufetubus barely misses you.
You hit the ufetubus.
You kill the ufetubus!
Vehumet accepts your kill.
A two-headed ogre comes into view. It is wielding two +0 giant clubs.
Found 22 gold pieces.
You see here a poisoned dart.
The two-headed ogre shouts in stereo!
Casting: Searing Ray (safe; 1% risk of failure)
Confirm with . or Enter, or press ? or * to list all spells.
Aiming: Searing Ray (safe; 1% risk of failure)
Press: ? - help, Shift-Dir - straight line, f - two-headed ogre
Aim: a two-headed ogre, wielding two +0 giant clubs (9% to evade)
The searing ray hits the two-headed ogre!
The two-headed ogre is lightly wounded. (Press . to maintain the ray.)
The searing ray hits the two-headed ogre!
The two-headed ogre is moderately wounded.
The searing ray hits the two-headed ogre!
The two-headed ogre is moderately wounded.
The searing ray hits the two-headed ogre.
The two-headed ogre is heavily wounded.
You finish channeling your searing ray.
The two-headed ogre closely misses you.
The two-headed ogre hits you with a +0 giant club!
Casting: Searing Ray (safe; 1% risk of failure)
Confirm with . or Enter, or press ? or * to list all spells.
Aiming: Searing Ray (safe; 1% risk of failure)
Press: ? - help, Shift-Dir - straight line, f/p - two-headed ogre
Aim: a two-headed ogre, wielding two +0 giant clubs (heavily wounded, 9% to evade)
The searing ray hits the two-headed ogre!
The two-headed ogre is heavily wounded. (Press . to maintain the ray.)
The two-headed ogre completely misses you.
The two-headed ogre hits you with a +0 giant club.
The searing ray hits the two-headed ogre!
The two-headed ogre is severely wounded.
The two-headed ogre hits you with a +0 giant club!!
* * * LOW HITPOINT WARNING * * *
The two-headed ogre hits you with a +0 giant club!!
You die...

###.# #..... #.#
###.... ###.#####
.....# ........#
#...####.# ###.###>#
#..((....#
#.....######(...###.##
#.###.##.............#
#.. #.))))†....(.....#
..# #.##......@O.....#
...#
#.#####......##.#...
..... ..# #.........#
.. #...#####
#....#.#### # ##..
#....#.# #.#.##.#
..$.. .# .....


You could see a two-headed ogre.

Vanquished Creatures
  The ghost of indyram44 the Sneak, a novice GrGl (D:5)
  3 sky beasts
  2 ice beasts
  An orc warrior (D:8)
  A black bear (D:7)
  A necrophage (D:8)
  An ogre (D:7)
  3 centaurs
  A phantom (D:5)
  A kobold brigand (D:7)
  7 bullfrogs
  4 water moccasin zombies (Ossuary)
  A water moccasin skeleton (D:6)
  3 scorpions
  4 electric eels (D:6)
  4 wights (D:7)
  2 howler monkeys (D:7)
  A centaur zombie (D:5)
  A bullfrog zombie (D:7)
  A jelly (D:8)
  2 orc priests
  2 bullfrog skeletons
  2 centaur skeletons (D:6)
  An iguana (D:5)
  4 orc wizards
  3 worker ants
  Terence (D:3)
  A killer bee zombie (D:6)
  A hound skeleton (D:7)
  2 mummies (Ossuary)
  A worker ant zombie (D:5)
  2 howler monkey skeletons
  4 gnolls (D:5)
  11 adders
  A shadow imp (D:7)
  A white imp (D:5)
  2 ufetubi
  9 adder zombies
  5 worms
  12 orcs
  8 ball pythons
  7 bats
  8 giant cockroaches
  2 gnoll zombies (Ossuary)
  8 goblins
  7 hobgoblins
  11 jackals
  9 kobolds
  9 oozes
  2 quokkas
  8 frilled lizards
  8 hobgoblin zombies (Ossuary)
  A kobold zombie (Ossuary)
  5 orc zombies (Ossuary)
  A quokka zombie (D:5)
  10 rats
214 creatures vanquished.

Vanquished Creatures (collateral kills)
  A black bear (D:7)
1 creature vanquished.

Vanquished Creatures (others)
  An orc (D:6)
  A fulminant prism (D:6)
  9 plants (D:6)
11 creatures vanquished.

Grand Total: 226 creatures vanquished

Notes
Turn   | Place    | Note
-------+----------+-------------------------------------------
     0 | D:1      | porpoise the Tengu Conjurer began the quest for the Orb.
     0 | D:1      | Reached XP level 1. HP: 10/10 MP: 4/4
   221 | D:1      | Reached XP level 2. HP: 15/15 MP: 1/6
   272 | D:1      | Learned a level 2 spell: Searing Ray
   821 | D:1      | Reached XP level 3. HP: 19/19 MP: 7/7
   880 | D:1      | Reached skill level 6 in Conjurations
  1117 | D:1      | Learned a level 3 spell: Mephitic Cloud
  1616 | D:2      | Reached XP level 4. HP: 24/24 MP: 6/9
  2512 | D:3      | Noticed a sky beast
  2520 | D:3      | Killed a sky beast
  2521 | D:3      | Reached skill level 7 in Conjurations
  2521 | D:3      | Gained mutation: You can fly continuously. [Tengu growth]
  2521 | D:3      | Reached XP level 5. HP: 28/28 MP: 1/12
  2804 | D:3      | Found a sparkling altar of Nemelex Xobeh.
  3051 | D:3      | Learned a level 4 spell: Fulminant Prism
  3054 | D:3      | Learned a level 2 spell: Blink
  3258 | D:3      | Noticed Terence
  3262 | D:3      | Killed Terence
  3263 | D:3      | Reached XP level 6. HP: 22/33 MP: 8/13
  3383 | D:4      | Found a sand-covered staircase.
  3389 | D:3      | Reached skill level 1 in Fighting
  3496 | Ossuary  | Entered an ossuary
  3535 | Ossuary  | Reached skill level 5 in Spellcasting
  3646 | Ossuary  | Reached XP level 7. HP: 28/40 MP: 4/15
  3749 | Ossuary  | Learned a level 4 spell: Iskenderun's Mystic Blast
  3763 | Ossuary  | Reached skill level 1 in Hexes
  4107 | D:4      | Found a staircase to the Ecumenical Temple.
  4119 | Temple   | Entered the Ecumenical Temple
  4346 | Temple   | Became a worshipper of Vehumet
  4946 | D:5      | Entered Level 5 of the Dungeon
  5235 | D:5      | Reached XP level 8. HP: 48/48 MP: 12/16
  5664 | D:5      | Reached skill level 5 in Fighting
  6613 | D:5      | Found a runed translucent door.
  6620 | D:5      | Noticed indyram44's ghost (novice GrGl)
  6628 | D:5      | Reached * piety under Vehumet
  6628 | D:5      | Offered knowledge of Foxfire by Vehumet.
  6653 | D:5      | Killed indyram44's ghost
  6654 | D:5      | Reached skill level 5 in Dodging
  6654 | D:5      | Reached XP level 9. HP: 23/54 MP: 0/17
  7115 | D:5      | Reached skill level 1 in Evocations
  7282 | D:6      | Reached skill level 5 in Hexes
  7326 | D:6      | Reached skill level 1 in Air Magic
  7507 | D:6      | Identified 2 scrolls of acquirement
  7507 | D:6      | Acquired a ring of magical power
  7564 | D:6      | Acquired a staff of conjuration
  8619 | D:7      | Found a sacrificial altar of Ru.
  8658 | D:7      | Found a white marble altar of Elyvilon.
  8678 | D:7      | Reached skill level 1 in Translocations
  8771 | D:7      | Offered knowledge of Shock by Vehumet.
  8816 | D:7      | Found a snail-covered altar of Cheibriados.
  8820 | D:7      | Found a glowing golden altar of the Shining One.
  8821 | D:7      | Found a burning altar of Makhleb.
  8821 | D:7      | Found a bloodstained altar of Trog.
  8822 | D:7      | Found an ornate altar of the Wu Jian Council.
  8825 | D:7      | Found a blossoming altar of Fedhas.
  8851 | D:7      | Reached ** piety under Vehumet
  9125 | D:7      | Found a basalt altar of Yredelemnul.
  9150 | D:7      | Reached skill level 5 in Air Magic
  9249 | D:7      | Found an ancient bone altar of Kikubaaqudgha.
  9255 | D:7      | Reached skill level 1 in Poison Magic
  9259 | D:7      | Offered knowledge of Stone Arrow by Vehumet.
  9882 | D:8      | Reached XP level 10. HP: 48/59 MP: 18/18
  9888 | D:8      | Reached *** piety under Vehumet
 10079 | D:8      | Noticed a two-headed ogre
 10088 | D:8      | Mangled by a two-headed ogre

Illustrated notes

Levels and vault maps discovered:
D:1:      dpeg_arrival_ratfight, layout_basic, st_stairs_4, moated_statue,
          minivault_24, minmay_hedge_maze
D:2:      layout_loops_ring, minmay_quadrilaterals
D:3:      layout_basic, nicolae_overflow_crystal_walls, uniq_terence
D:4:      layout_rooms, minmay_temple_entry_enclosed_plants,
          lightli_ossuary_entry_decrepit_ruins
D:5:      layout_cave_pods, ebering_ghost_sewer_d, st_stairs_4,
          minmay_crystal_water, kennysheep_generic_room_9
D:6:      layout_loops_corners, serial_bayou_lagoon_b
D:7:      layout_loops_cross, elyvilon_altar_1, minitemple, lemuel_round_altar,
          basic_altar
D:8:      cheibrodos_barr_body, layout_loops_cross, lair_entry_dummy,
          uniq_harold
Temple:   minmay_temple_curvy_loop

Skill      XL: |  1  2  3  4  5  6  7  8  9 10 |
---------------+-------------------------------+-----
Conjurations   | 6 7 |  7.0
Spellcasting   | 3 4 5 |  5.0
Fighting       | 2 4 5 |  5.0
Hexes          | 2 4 5 |  5.0
Dodging        | 5 |  5.0
Evocations     | 3 |  3.0
Air Magic      | 5 |  5.0
Translocations | 4 |  4.3
Poison Magic   | 3 4 |  4.2
Stealth        | |  2.0

Action                   |  1- 3 |  4- 6 |  7- 9 | 10-12 || total
-------------------------+-------+-------+-------+-------++-------
Melee: Whip              |    31 |    24 |    12 |       ||    67
       Kick              |     3 |     2 |    29 |       ||    34
       Peck              |       |     2 |    18 |       ||    20
       Trident           |       |       |    89 |       ||    89
       Quarterstaff      |       |       |    41 |     8 ||    49
Throw: Dart              |     7 |    28 |    76 |     5 ||   116
       Boomerang         |       |       |    13 |       ||    13
 Cast: Magic Dart        |    44 |    24 |    21 |       ||    89
       Searing Ray       |     4 |    18 |    37 |     4 ||    63
       Mephitic Cloud    |       |       |     4 |       ||     4
       Fulminant Prism   |       |       |     1 |       ||     1
Evoke: Wand              |       |       |     8 |       ||     8
  Use: Scroll            |       |       |    16 |       ||    16
       Potion            |       |       |     1 |       ||     1
 Stab: Sleeping          |     1 |     1 |     1 |       ||     3
       Distracted        |       |       |     1 |       ||     1
       Confused          |       |       |     1 |       ||     1
Armor: Robe              |     9 |    13 |    77 |     7 ||   106
Dodge: Dodged            |    21 |    26 |   147 |    12 ||   206

Table legend: (Time is in decaauts)
 A = Elapsed time spent in this place.
 B = Non-inter-level travel time spent in this place.
 C = Inter-level travel time spent in this place.
 D = Time resting spent in this place.
 E = Time spent auto-exploring this place.
 F = Levels seen in this place.
 G = Mean time per level.
                   A        B        C        D        E       F      G
               +--------+--------+--------+--------+--------+-----+--------+
         Total |  10146 |   9919 |    227 |   3946 |   4277 |  10 | 1014.6 |
       Dungeon |   9321 |   9134 |    187 |   3523 |   4080 |   8 | 1165.1 |
        Temple |    238 |    198 |     40 |      0 |    197 |   1 |  238.0 |
       Ossuary |    586 |    586 |      0 |    423 |      0 |   1 |  586.0 |
               +--------+--------+--------+--------+--------+-----+--------+

Top non-repeatable levels by time:
     D:5: 2201 daAuts
     D:6: 1390 daAuts
     D:2: 1281 daAuts
     D:7: 1245 daAuts
     D:1: 1124 daAuts
     D:3: 1007 daAuts
     D:4: 818 daAuts
 Ossuary: 586 daAuts
     D:8: 252 daAuts
  Temple: 238 daAuts
